[Event "*** Qualifier 3: Titled Tuesday 3|2 Blitz"]
[Site "Chess.com"]
[Date "2017.04.18"]
[Round "10"]
[White "scrapnel"]
[Black "DavidMarkosyan"]
[Result "1-0"]
[WhiteElo "2409"]
[BlackElo "2334"]
[TimeControl "180+2"]
[EndTime "15:17:14 PDT"]
[Termination "scrapnel won by resignation"]

1. Nf3 Nf6 2. c4 g6 3. Nc3 Bg7 4. e4 d6 5. d4 O-O 6. Be2 e5 7. dxe5 dxe5 8. Qxd8 Rxd8 9. Bg5 Nbd7 10.
O-O-O Rf8 11. Nd2 c6 12. Be3 Re8 13. g4 Nf8 14. g5 Ng4 15. Bxg4 Bxg4 16. f3 Bh5 17.
Rhf1 Ne6 18. c5 Nd4 19. Bxd4 exd4 20. Ne2 b6 21. Nb3 Rxe4 22. Ng3 Rf4 23. Nxh5 gxh5 24. Rd3 Rd8 25. Kc2 Rd5 26. cxb6 axb6 27. Re1 c5 28. Re8+ Bf8 29. Nd2 Rxg5 30. Rb8 Rg6 31. Rb3 Rff6 32. a4 Kg7 33. h4 Rg2 34. Kd3 Re6 35. Ne4 Rc6 36.
R3xb6 Rxb6 37. Rxb6 f5 38. Rb7+ Kg6 39. Rb6+ Kg7 40. Ng5 Be7 41. Rb7 Kf6 42. a5 h6 43.
a6 Rg1 44. Rb6+ Kg7 45. Ne6+ Kf7 46. Nc7 Ra1 47. Rb7 Bd6 48. Nb5+ Ke6 49. Rb6 Ke7 50. Rxd6 Ra5 51. Rb6 Kd7 52. a7 1-0

[Event "*** Qualifier 3: Titled Tuesday 3|2 Blitz"]
[Site "Chess.com"]
[Date "2017.04.18"]
[Round "10"]
[White "FearNoEvil12"]
[Black "Jamaladam12200620"]
[Result "0-1"]
[WhiteElo "2112"]
[BlackElo "2003"]
[TimeControl "180+2"]
[EndTime "15:17:18 PDT"]
[Termination "Jamaladam12200620 won by resignation"]

1. e4 Nf6 2. e5 Nd5 3. d4 d6 4.
Bc4 Nb6 5. Bb3 dxe5 6. Qh5 e6 7. dxe5 Nc6 8. Nf3 Be7 9. Nc3 O-O 10. Bf4 a5 11. a4 Nb4 12. Rd1 Qe8 13. Qg4 Kh8 14. h4 Bd7 15. Ne4 Bxa4 16. Bxa4 Qxa4 17. O-O Qxc2 18.
Bg5 Bxg5 19. Nfxg5 h6 20. Rd2 Qc6 21. Qh5 Kg8 22.
Nf6+ Kh8 23. Nxf7+ Rxf7 24. Qxf7 gxf6 25. exf6 Rg8 26. g3 N4d5 27. Qh5 Kh7 28. f7 Rf8 29. Rd4 Qd7 30. Qe5 Qxf7 31. Qe2 Qf6 32. Rg4 Qf5 33. Rd4 Qf6 34. Rg4 Qf5 35. Rd4 Qf6 36. Rg4 Rf7 37. f4 Qf5 38. Rf2 Nf6 39. Rg5 hxg5 40.
hxg5 Ng4 41. Rf1 Kg6 42. Kg2 Rh7 43. Rh1 Rxh1 44. Kxh1 Nd5 45. Kg2 Nge3+ 46. Kf2 Ng4+ 47. Kg2 Nde3+ 48. Kg1 Qe4 0-1

[Event "*** Qualifier 3: Titled Tuesday 3|2 Blitz"]
[Site "Chess.com"]
[Date "2017.04.18"]
[Round "10"]
[White "Yaacovn"]
[Black "JoachimBN"]
[Result "0-1"]
[WhiteElo "2609"]
[BlackElo "2669"]
[TimeControl "180+2"]
[EndTime "15:17:20 PDT"]
[Termination "JoachimBN won by resignation"]

1. d4 d5 2. Nf3 Nf6 3. c4 dxc4 4. e3 e6 5. Bxc4 c5 6. O-O a6 7. a4 Nc6 8. Nc3 Be7 9. d5 exd5 10. Bxd5 Nxd5 11. Nxd5 Be6 12. e4 O-O 13. Bf4 Rc8 14. Re1 Re8 15. h3 Nb4 16. Nxe7+ Rxe7 17. Qe2 Qd3 18. Bd2 Qxe2 19. Rxe2 Bc4 20. Re3 Nc2 21. Rc3 Nxa1 22. Rxc4 b5 23. Rc3 Rxe4 24. axb5 axb5 25. Be3 c4 26. Nd4 Rb8 27. Ra3 Rxd4 28.
Bxd4 Nc2 29. Ba7 Nxa3 30. Bxb8 Nc2 31. Kf1 Nb4 32. Ke2 Nd3 33. b3 Nc1+ 34. Kd2 Nxb3+ 35. Kc3 Nc5 36. Bd6 Nd3 37. f3 Ne1 38. Kb4 Nxg2 39. Kxb5 c3 40. Kc4 c2 41. Ba3 Ne1 42. f4 f5 43. Kc3 Kf7 44. Kd2 Ng2 45. Bd6 Ke6 46.
Bf8 g6 47. Bh6 Kd5 48. Kxc2 Ke4 49. Kd2 Nxf4 50. Ke1 Nxh3 51. Kf1 Nf4 52. Kf2 Ne6 53. Kg3 g5 54. Kh3 Kf3 55. Kh2 g4 56. Bc1 f4 57.
Bd2 h5 58. Be1 Nd4 59. Bc3 Ne2 60. Bf6 g3+ 61. Kh3 g2 62. Bd4 Nxd4 0-1

[Event "*** Qualifier 3: Titled Tuesday 3|2 Blitz"]
[Site "Chess.com"]
[Date "2017.04.18"]
[Round "10"]
[White "kikydu96"]
[Black "woodhy"]
[Result "0-1"]
[WhiteElo "2361"]
[BlackElo "2379"]
[TimeControl "180+2"]
[EndTime "15:17:20 PDT"]
[Termination "woodhy won by resignation"]

1. e4 e6 2. d4 d5 3. Nc3 Bb4 4.
e5 c5 5. Bd2 Ne7 6. Nb5 Bxd2+ 7.
Qxd2 O-O 8. f4 Nbc6 9. Nf3 Bd7 10. O-O-O Qb6 11. Kb1 Nf5 12. dxc5 Qxc5 13. Nbd4 Nfxd4 14. Nxd4 Rfc8 15. c3 b5 16. Bxb5 Nxe5 17. Bxd7 Nxd7 18. Nb3 Qb6 19. f5 a5 20. fxe6 fxe6 21. Ka1 a4 22. Nd4 Rab8 23. Rhe1 Nc5 24. Qe2 Ne4 25. a3 Kh8 26.
Rb1 Qd6 27. Ka2 Rxc3 28. Rbc1 Rxc1 29. Rxc1 Qb6 30. Nb5 h6 31. Nc3 Qb3+ 32. Ka1 Nc5 33. Qc2 Qc4 34. Kb1 Nd3 35. Nxa4 Nxc1 36. Qxc4 dxc4 37.
Kxc1 Rb3 38. Nc3 Kg8 39. Kc2 Kf7 40. Ne4 Ke7 41. Nd2 Re3 42. Nxc4 Re2+ 43. Kc3 Rxg2 44. a4 Rxh2 45. a5 Kd7 46. a6 Kc6 47. a7 Kb7 48.
Kd4 h5 49. Ke5 h4 50. Kf4 h3 51. Kg3 Rc2 52. Nd6+ Kxa7 53. Kxh3 Rxb2 54. Kg4 Rd2 55. Nf7 Kb6 56. Kf4 Rf2+ 0-1

[Event "*** Qualifier 3: Titled Tuesday 3|2 Blitz"]
[Site "Chess.com"]
[Date "2017.04.18"]
[Round "10"]
[White "stefanodinn"]
[Black "Wolverine_master"]
[Result "1-0"]
[WhiteElo "2184"]
[BlackElo "1982"]
[TimeControl "180+2"]
[EndTime "15:17:20 PDT"]
[Termination "stefanodinn won on time"]

1. Nf3 Nf6 2. c4 g6 3. b3 Bg7 4. Bb2 O-O 5. g3 c5 6. Bg2 d5 7. cxd5 Nxd5 8. Bxg7 Kxg7 9. O-O Nc6 10. Qc1 e5 11.
Qxc5 Be6 12. Nc3 Rc8 13. Qb5 Qb6 14. Qxb6 axb6 15. Ng5 Nxc3 16. Nxe6+ fxe6 17. dxc3 Rc7 18. Rfd1 b5 19. Rd6 Kf6 20. e3 Ra8 21. Bh3 Re7 22. a4 bxa4 23. Rxa4 Rxa4 24. bxa4 e4 25. c4 Ke5 26. c5 Nb4 27. Bf1 Rc7 28. Bc4 Re7 29. a5 Nd3 30. Bxd3 exd3 31. Rxd3 Rc7 32. Rb3 Kd5 33. Rb5 h5 34. h4 Kc4 35. Rb6 Kd5 36. Rd6+ Ke5 37. Rb6 Rxc5 38. Rxb7 Rxa5 39. Kg2 Ra2 40.
Kf3 Ra5 41. Rf7 Rb5 42. Rf8 Rb4 43. Ke2 Ke4 44. Rf4+ Ke5 45. Rxb4 1-0

[Event "*** Qualifier 3: Titled Tuesday 3|2 Blitz"]
[Site "Chess.com"]
[Date "2017.04.18"]
[Round "10"]
[White "Blitzstream"]
[Black "chessking2151"]
[Result "0-1"]
[WhiteElo "2451"]
[BlackElo "2350"]
[TimeControl "180+2"]
[EndTime "15:17:24 PDT"]
[Termination "chessking2151 won by checkmate"]

1. g4 d5 2. Bg2 c6 3. e3 e5 4. b3 h5 5. gxh5 Qg5 6. Kf1 Bg4 7. Nf3 Qxh5 8. h3 Be6 9. Nc3 e4 10.
Nd4 Qh7 11. d3 exd3 12. Qxd3 Qxd3+ 13. cxd3 Nd7 14. Bb2 Ngf6 15. Nxe6 fxe6 16. Ne2 Bd6 17. Nd4 Kf7 18. Nf3 e5 19. Ke2 a5 20. Ng5+ Ke7 21. Kd2 a4 22. Rhg1 b5 23. Rgc1 a3 24. Bxa3 Bxa3 25.
Rxc6 Rhc8 26. Re6+ Kf8 27. Nf3 Bb2 28. Rb1 Rxa2 29.
Ke1 e4 30. dxe4 Bc3+ 31. Kf1 Nxe4 32. Nh4 Nd2+ 33. Kg1 Nxb1 34. Ng6+ Kf7 35. Bxd5 Nf6 36. Rc6+ Nxd5 37. Ne5+ Bxe5 38. Rxc8 Nbc3 39. Kg2 Nxe3+ 40.
Kf3 Nf5 41. Kg4 Rxf2 42. h4 Rf4+ 43. Kh3 Rxh4+ 44. Kg2 Rg4+ 45. Kh1 Ne4 46. Rc2 Rh4+ 47. Kg2 Rh2+ 48. Kf3 Ng5+ 49. Kg4 Ne3+ 50. Kxg5 Rxc2 51.
b4 Rg2+ 52. Kh5 g6+ 53. Kh4 Rh2+ 54. Kg5 Rh5# 0-1

[Event "*** Qualifier 3: Titled Tuesday 3|2 Blitz"]
[Site "Chess.com"]
[Date "2017.04.18"]
[Round "10"]
[White "MITerryble"]
[Black "Fandorine"]
[Result "0-1"]
[WhiteElo "2634"]
[BlackElo "2692"]
[TimeControl "180+2"]
[EndTime "15:17:30 PDT"]
[Termination "Fandorine won on time"]

1. d4 Nf6 2. Nf3 b6 3. g3 Bb7 4. Bg2 g6 5. O-O Bg7 6. c4 O-O 7. b3 d6 8. Bb2 Nbd7 9. Nc3 Ne4 10. Qc2 Nxc3 11. Bxc3 e6 12. e4 a5 13. Rfe1 Qe7 14.
Rad1 Rfd8 15. h3 Rac8 16. Kh2 c5 17. d5 Bxc3 18. Qxc3 e5 19. Nd2 a4 20. f4 Ra8 21. f5 Ba6 22. Rf1 b5 23. Rf2 Rf8 24. Rdf1 f6 25. h4 axb3 26. axb3 bxc4 27. bxc4 Bc8 28.
Bh3 Nb6 29. Qb3 Rb8 30. Qe3 gxf5 31. Bxf5 Bxf5 32. Rxf5 Qg7 33. Kh3 Nc8 34. Qf3 Rb2 35.
Qc3 Ra2 36. Ra1 Rxa1 37. Qxa1 Ne7 38. Rf2 f5 39. exf5 Nxf5 40. Ne4 Ne3 41. Rxf8+ Qxf8 42. Qb1 h6 43. Kh2 Ng4+ 44. Kg1 Ne3 45. Qb7 Qf1+ 0-1

[Event "*** Qualifier 3: Titled Tuesday 3|2 Blitz"]
[Site "Chess.com"]
[Date "2017.04.18"]
[Round "10"]
[White "andreimacovei2000"]
[Black "ChristopherYoo"]
[Result "0-1"]
[WhiteElo "2373"]
[BlackElo "2281"]
[TimeControl "180+2"]
[EndTime "15:17:33 PDT"]
[Termination "ChristopherYoo won by checkmate"]

1. e4 c5 2. Nf3 d6 3. d4 cxd4 4.
Nxd4 Nf6 5. Nc3 a6 6. f3 e5 7.
Nb3 Be6 8. Be3 Be7 9. Qd2 Nbd7 10. g4 b5 11. g5 Nh5 12. O-O-O O-O 13. Kb1 Rc8 14.
Rg1 Nb6 15. Na5 Qc7 16. a3 Nc4 17. Nxc4 bxc4 18. Nd5 Bxd5 19. Qxd5 Nf4 20. Bxf4 exf4 21. h4 Qb6 22. Bxc4 Rc5 23. Qd4 Rfc8 24. Bb3 g6 25. h5 Qa5 26. hxg6 hxg6 27. Bd5 Bf8 28. Qf6 Qc7 29.
Qxg6+ Bg7 30. Qxf7+ Qxf7 31. Bxf7+ Kxf7 32. Rg2 Rb5 33. b3 Be5 34. Rh1 Rc3 35. g6+ Kg8 36. g7 Bxg7 37.
Rhg1 Rb7 38. Rf1 a5 39. a4 Re3 40. Rg5 Rc7 41. Rxa5 Be5 42. Ra8+ Kf7 43. a5 Rcc3 44. a6 Rxf3 45. Rxf3 Rxf3 46. b4 Rf1+ 47. Ka2 Ra1+ 48. Kb3 f3 49. Rb8 f2 50. Rb5 f1=Q 51. Ra5 Qb1+ 52.
Kc4 Qxc2+ 53. Kd5 Rd1# 0-1

[Event "*** Qualifier 3: Titled Tuesday 3|2 Blitz"]
[Site "Chess.com"]
[Date "2017.04.18"]
[Round "10"]
[White "iturrizaga"]
[Black "daro94"]
[Result "0-1"]
[WhiteElo "2656"]
[BlackElo "2759"]
[TimeControl "180+2"]
[EndTime "15:17:35 PDT"]
[Termination "daro94 won by resignation"]

1. Nf3 Nf6 2. c4 b6 3. g3 Bb7 4. Bg2 c5 5. O-O g6 6. b3 Bg7 7. Bb2 O-O 8. e3 d6 9. Qe2 Nbd7 10. d4 e6 11. Rd1 Qe7 12. Nc3 Ne4 13. Rac1 Nxc3 14.
Bxc3 Rad8 15. e4 e5 16. d5 Bc8 17. Bh3 Bh6 18. Rb1 Rde8 19. Re1 Qd8 20. Nh4 Bg5 21. Ng2 Nf6 22. Bxc8 Qxc8 23. h4 Bh6 24. Qf3 Ng4 25. Rbd1 a6 26. Bd2 Bxd2 27. Rxd2 f5 28. exf5 gxf5 29. Rde2 b5 30. Qc3 Nf6 31. Qd3 bxc4 32.
bxc4 Kh8 33. Ne3 f4 34. Ng2 Qh3 35. Nxf4 exf4 36. Rxe8 Nxe8 37. Qc3+ Ng7 38. Re7 Qg4 39. h5 fxg3 40. fxg3 h6 41. Qe3 Qxh5 42. Rd7 Qd1+ 43. Kh2 Qh5+ 44. Kg1 Qg6 45. Kg2 Nf5 46. Qf4 Rg8 47. g4 Qxg4+ 48. Qxg4 Rxg4+ 49. Kf3 Rxc4 0-1

[Event "*** Qualifier 3: Titled Tuesday 3|2 Blitz"]
[Site "Chess.com"]
[Date "2017.04.18"]
[Round "10"]
[White "Robin-Side"]
[Black "MyleneFarmer"]
[Result "0-1"]
[WhiteElo "2291"]
[BlackElo "2323"]
[TimeControl "180+2"]
[EndTime "15:17:38 PDT"]
[Termination "MyleneFarmer won by resignation"]

1. e4 c5 2. Nf3 d6 3. d4 cxd4 4.
Nxd4 Nf6 5. Nc3 g6 6. Be2 Bg7 7. O-O O-O 8. Bg5 Nc6 9. Nb3 Be6 10. f4 a5 11. a4 Nb4 12. Kh1 Qb6 13. Ra3 Rfd8 14. Bf3 d5 15. e5 Ne4 16. Bxe7 Rd7 17. Bh4 Rc8 18. Nd4 Rc4 19. Nxe6 Qxe6 20. Bg4 Qc6 21.
Bxd7 Qxd7 22. Nxe4 Rxe4 23. Be1 Nc6 24. Rd3 Ne7 25.
Bxa5 Qxa4 26. Bd2 Qc6 27. Bc3 h5 28. Rd4 Nf5 29. Rxe4 dxe4 30. Qd8+ Kh7 31. Rd1 e3 32. Qd3 h4 33. h3 Bh6 34. Qd5 e2 35. Qxf7+ Bg7 36. Re1 Ng3+ 37. Kh2 Nf1+ 38. Kh1 Ng3+ 39. Kh2 Nf1+ 40. Kh1 Ng3+ 41. Kh2 Nf1+ 42. Kh1 Kh6 43. e6 Bxc3 44. bxc3 Qxc3 45. Qf8+ Kh7 46. Rxe2 Ng3+ 47.
Kh2 Nxe2 48. Qf7+ Qg7 49. Qe8 Qf6 50. Qf7+ Qxf7 51. exf7 Kg7 52. f8=Q+ Kxf8 0-1

[Event "*** Qualifier 3: Titled Tuesday 3|2 Blitz"]
[Site "Chess.com"]
[Date "2017.04.18"]
[Round "10"]
[White "RaphaeI"]
[Black "nurmiTV"]
[Result "0-1"]
[WhiteElo "2391"]
[BlackElo "2437"]
[TimeControl "180+2"]
[EndTime "15:17:51 PDT"]
[Termination "nurmiTV won on time"]

1. d4 d5 2. c4 dxc4 3. e3 c5 4.
Bxc4 cxd4 5. Nf3 Qc7 6. Bb3 Nf6 7. exd4 Bg4 8. O-O Nbd7 9. h3 Bh5 10. Nc3 a6 11. Bg5 e6 12. Rc1 Qa5 13. d5 e5 14.
d6 h6 15. Bxf6 Nxf6 16. g4 Bg6 17. Nxe5 O-O-O 18. d7+ Nxd7 19. Nxg6 fxg6 20. Be6 Kb8 21. Bxd7 Qc7 22. Qb3 Rxd7 23. Nd5 Qd8 24. Nb6 Rc7 25. Rfd1 Bd6 26. Rxc7 Qxc7 27. Nd5 Qc6 28. Ne3 Rf8 29. Qd5 Qxd5 30. Rxd5 Kc7 31. Nc4 Rf6 32. b3 b5 33. Nd2 Kc6 34. Rd3 Re6 35. Kg2 Bc5 36.
Kg3 Re2 37. f3 Bd6+ 38. f4 Bc5 39. Kf3 Rh2 40. Ke4 Bb4 41. Nf1 Re2+ 42. Kf3 Rxa2 43. Ng3 Bc5 44. Ne4 Rc2 45. f5 gxf5 46. gxf5 a5 47. Kf4 a4 48. bxa4 bxa4 49. Rg3 Bd4 50. Rd3 Rc4 51. Nd2 Rb4 52. Nf3 Bf6+ 53. Ke3 Rb3 54.
Nd2 Rxd3+ 55. Kxd3 a3 0-1

[Event "*** Qualifier 3: Titled Tuesday 3|2 Blitz"]
[Site "Chess.com"]
[Date "2017.04.18"]
[Round "10"]
[White "chesstatour"]
[Black "alekroth64"]
[Result "1-0"]
[WhiteElo "1969"]
[BlackElo "2210"]
[TimeControl "180+2"]
[EndTime "15:18:06 PDT"]
[Termination "chesstatour won by resignation"]

1. e4 e5 2. f4 exf4 3. Nf3 d6 4.
Bc4 h6 5. h4 Nf6 6. Nc3 Nxe4 7.
Nxe4 d5 8. Qe2 Be7 9. d3 dxc4 10. Bxf4 cxd3 11. cxd3 O-O 12. O-O Nc6 13. h5 Bg4 14. Qe3 Bxh5 15. Rac1 Bg6 16. Rfd1 Re8 17. Qf2 Qd5 18. b3 Rad8 19. Bxc7 Bxe4 20. dxe4 Qxd1+ 21. Rxd1 Rxd1+ 22. Kh2 Rd7 23. Bf4 b6 24. Qc2 Bc5 25.
a4 a5 26. Qc4 Nd4 27. Nxd4 Rxd4 28. Qb5 Rdxe4 29. Bg3 R4e6 30. Qc4 Re4 31. Qb5 R8e6 32. Qa6 Kh7 33. Qa8 f5 34. Qb7 f4 35. Bh4 Re2 36.
Kh3 R6e3+ 37. Kg4 Rxg2+ 38. Qxg2 Rd3 39. Qc2 h5+ 40. Kxf4 Bd6+ 41. Kf5 g6+ 42. Ke6 Rd4 43. Bf6 Rf4 44. Kxd6 Rxf6+ 45. Ke5 Rf5+ 46. Ke6 h4 47.
Qc7+ Kh6 48. Qxb6 h3 49. Qe3+ Kg7 50. Qxh3 Rf6+ 51. Ke5 Rf5+ 52. Ke4 Rf6 53. Qc3 Kf7 54. Qxa5 Re6+ 55. Kd5 Rf6 56. Qc7+ Kg8 57. Qg3 Kg7 58.
b4 Rf5+ 59. Kc4 g5 60. a5 Kf6 61. a6 Rf4+ 62. Kb5 Rf5+ 63. Kb6 Rf4 64. b5 1-0

[Event "*** Qualifier 3: Titled Tuesday 3|2 Blitz"]
[Site "Chess.com"]
[Date "2017.04.18"]
[Round "10"]
[White "tigra"]
[Black "Roachelley"]
[Result "0-1"]
[WhiteElo "2589"]
[BlackElo "2184"]
[TimeControl "180+2"]
[EndTime "15:18:09 PDT"]
[Termination "Roachelley won by resignation"]

1. e4 c5 2. Nf3 d6 3. d4 cxd4 4. Nxd4 Nf6 5. Nc3 a6 6. Bg5 Nbd7 7. f4 Qc7 8. Qe2 e6 9. O-O-O Be7 10. f5 e5 11. Nf3 b5 12. g4 Bb7 13. Bxf6 Nxf6 14. g5 Nd7 15. h4 Rc8 16. Kb1 Nb6 17. f6 gxf6 18. Bh3 Rd8 19. Qf2 b4 20. Nd5 Bxd5 21. exd5 Nc4 22. Qe2 Rb8 23. Qe4 Na3+ 24. Kc1 Nc4 25.
Rhg1 Rb5 26. gxf6 Bxf6 27. Qf5 Ne3 28. Qe4 Nxd1 29. Rxd1 Rc5 30. Kb1 Rc4 31. Qe2 Rg8 32.
Bf5 h6 33. Bd3 Rf4 34. Bxa6 Rg3 35. Nd2 Kf8 36. Bd3 Qb6 37. Ne4 Rg1 38. h5 Be7 39. b3 Rxd1+ 40. Qxd1 Qe3 41. Nd2 Rf2 42. Nc4 Qf3 43. Qe1 f5 44. Nb6 e4 45. Bb5 e3 46.
Qxb4 e2 47. Nd7+ Kf7 48. Kb2 Qe3 49. Qe1 Bh4 50. Ka3 Rh2 51. Qb4 e1=Q 52. Qxd6 Be7 53. Qxe7+ Kxe7 54. Ka4 Qa7+ 0-1

[Event "*** Qualifier 3: Titled Tuesday 3|2 Blitz"]
[Site "Chess.com"]
[Date "2017.04.18"]
[Round "10"]
[White "GulamaliRises"]
[Black "Grebeniuk-S"]
[Result "1-0"]
[WhiteElo "2472"]
[BlackElo "2417"]
[TimeControl "180+2"]
[EndTime "15:18:09 PDT"]
[Termination "GulamaliRises won by resignation"]

1. e4 d5 2. exd5 Qxd5 3. Nc3 Qa5 4. d4 Nf6 5. Nf3 Bg4 6. h3 Bh5 7. g4 Bg6 8. Ne5 e6 9. Nc4 Qa6 10. Bf4 Qc6 11. Rg1 Bb4 12. Bd2 Nbd7 13. a3 Bxc3 14. bxc3 Qe4+ 15. Be2 Qxc2 16. Qxc2 Bxc2 17. Ra2 Bb3 18. Rb2 Bxc4 19. Bxc4 O-O-O 20. Ke2 Ne4 21. Be1 Nd6 22. Ba2 Nb6 23. f3 a6 24. Bh4 Rd7 25. Rc1 Nbc4 26. Rb4 Nxa3 27. c4 b5 28.
cxb5 Naxb5 29. Rc6 Kb7 30. d5 Re8 31. Kf2 e5 32. Ke2 f5 33. Bf2 g6 34. Bc5 e4 35. f4 e3 36. Bb1 Ne4 37. Re6 Nc3+ 38. Kf3 Red8 39. gxf5 gxf5 40. Bxf5 Nxd5 41. Rb3 c6 42.
Bxe3 Nxe3 43. Rexe3 Kb6 44. Bxd7 Rxd7 45. f5 Rf7 46.
Kf4 a5 47. Re4 Kc5 48. Re5+ Kb6 49. Re6 a4 50. Rb4 a3 51. Ra4 Kc5 52. Ra6 Nd4 53. Re5+ Kc4 54. Ra4+ Kc3 55. Rxa3+ Kb2 56. Ra4 Nb3 57.
Rb4 Kc3 58. Rb6 c5 59. Rxb3+ Kxb3 60. Rxc5 Kb4 61. Rc1 Kb5 62. Ke5 Re7+ 63. Kd6 Re3 64. f6 Rxh3 65. f7 Rf3 66. Ke7 Re3+ 67. Kd7 Rf3 68.
Ke8 Re3+ 69. Kf8 Rf3 70. Rg1 Kc6 71. Kg7 1-0

[Event "*** Qualifier 3: Titled Tuesday 3|2 Blitz"]
[Site "Chess.com"]
[Date "2017.04.18"]
[Round "10"]
[White "Cryptochess"]
[Black "SabinaFoisor"]
[Result "1-0"]
[WhiteElo "2484"]
[BlackElo "2275"]
[TimeControl "180+2"]
[EndTime "15:18:18 PDT"]
[Termination "Cryptochess won by resignation"]

1. e4 e5 2. Nf3 Nc6 3. Bc4 Bc5 4. c3 Nf6 5. d3 O-O 6. a4 a6 7. Nbd2 d6 8. Nf1 Be6 9. Bb3 d5 10. exd5 Bxd5 11. Bc2 e4 12. dxe4 Bxe4 13. Qxd8 Raxd8 14. Bxe4 Nxe4 15. Be3 Rfe8 16. Ke2 f5 17. g3 g5 18. Rg1 h6 19. h4 g4 20. Ne1 Nxf2 21.
Nc2 Nh3 22. Rh1 f4 23. gxf4 Nxf4+ 24. Kf2 Nd3+ 25. Kg3 Bd6+ 26. Kxg4 Kh7 27. Rd1 Nxb2 28. Rd5 Nxa4 29. Rh5 Ne5+ 30. Kh3 Nf7 31. Bd4 Be5 32.
Nfe3 Kg6 33. Rf5 Bxd4 34. cxd4 Nd6 35. Rg1+ Kh7 36. Rf6 Rf8 37. Rfg6 Rf3+ 38. Kh2 Rf2+ 39. Kh1 Rd7 40. Nd5 Nb6 41. Nf6+ Rxf6 42. Rxf6 Nd5 43. Rf3 a5 44. Ne3 Nxe3 45. Rxe3 a4 46. Kh2 b5 47. Rb1 c6 48. Re6 a3 49. Rb3 Ra7 50.
Re1 Nc4 51. Ra1 Ra4 52. d5 cxd5 53. Rxb5 d4 54. Rd5 Ne3 55. Rd6 Nf5 56. Rd7+ Kg6 57. Kh3 Kh5 58. Rd5 Kg6 59. Rg1+ Kf6 60. Rf1 a2 61. Rdxf5+ Kg6 62. h5+ Kg7 63. Rf7+ 1-0

[Event "*** Qualifier 3: Titled Tuesday 3|2 Blitz"]
[Site "Chess.com"]
[Date "2017.04.18"]
[Round "10"]
[White "Rating-Schmating"]
[Black "GamayevOleg"]
[Result "0-1"]
[WhiteElo "2293"]
[BlackElo "2398"]
[TimeControl "180+2"]
[EndTime "15:18:33 PDT"]
[Termination "GamayevOleg won by checkmate"]

1. e4 d6 2. d4 Nf6 3. Nc3 e5 4. dxe5 dxe5 5. Qxd8+ Kxd8 6. Nf3 Bd6 7. Bc4 Be6 8. Bb3 Nc6 9. Be3 a6 10. Ng5 Bxb3 11.
axb3 Ke7 12. O-O-O Nb4 13. Nd5+ Nbxd5 14. exd5 Nd7 15. Ne4 f5 16. Ng5 Nf6 17. c4 b6 18.
Ne6 g6 19. Bg5 Kf7 20. Bxf6 Kxf6 21. Kc2 e4 22. f3 exf3 23. gxf3 Rhe8 24. Rde1 Re7 25.
Re2 Rae8 26. Rhe1 c6 27. Kd3 h6 28.
h3 g5 29. Ra1 a5 30. Rae1 Bb4 31.
Rd1 cxd5 32. cxd5 Rd7 33. Kc4 b5+ 34. Kxb5 Rb8+ 35. Ka4 Bd6 36. Rd4 Rdb7 37. Re3 Rb5 38. h4 Be5 39. hxg5+ hxg5 40. Rc4 Rxd5 41. Nc7 Rd4 42.
Rxd4 Bxd4 43. Rd3 Be5 44. Nd5+ Ke6 45. b4 axb4 46. Nxb4 Ra8+ 47. Kb3 g4 48. fxg4 fxg4 49. Nc6 Bf6 50. Re3+ Kf5 51. Re1 g3 52. Nb4 Rb8 53.
Kc4 Kg4 54. b3 Bg5 55. Nd5 g2 56. Nc3 Rc8+ 57. Kd3 Kf3 58. Ne4 Rd8+ 59. Kc4 Be3 60. Nc3 Rc8+ 61. Kd3 Rd8+ 62. Kc4 Bd2 63. Rd1 Rc8+ 64.
Kd3 Bxc3 65. b4 Bxb4 66. Rb1 Bd6 67. Kd4 Bf4 68. Kd5 Be3 69. Rd1 Rc1 70. Rd3 g1=Q 71. Ke6 Qg6+ 72. Ke7 Qxd3 73. Kf8 Rc7 74. Kg8 Qd7 75. Kh8 Qd8# 0-1

[Event "*** Qualifier 3: Titled Tuesday 3|2 Blitz"]
[Site "Chess.com"]
[Date "2017.04.18"]
[Round "10"]
[White "prochn"]
[Black "mwpchess"]
[Result "0-1"]
[WhiteElo "2202"]
[BlackElo "2403"]
[TimeControl "180+2"]
[EndTime "15:18:39 PDT"]
[Termination "mwpchess won by resignation"]

1. d4 Nf6 2. c4 e6 3. Nc3 Bb4 4. Qc2 O-O 5. a3 Bxc3+ 6. Qxc3 d5 7. e3 b6 8. Nf3 Ba6 9. b3 c5 10. Bb2 Ne4 11. Qc2 cxd4 12. Nxd4 Qd7 13. Bd3 Nf6 14.
Nf3 dxc4 15. bxc4 Qe7 16. O-O Nbd7 17. Rfd1 Rac8 18. Qa4 Nc5 19. Qb4 Rfe8 20. Bf1 Rcd8 21. Be5 Rxd1 22. Rxd1 Rd8 23. Nd4 Qe8 24. h3 h6 25.
Bxf6 gxf6 26. Rc1 Qd7 27. Nb5 Bxb5 28. cxb5 Qd2 29. Qg4+ Kf8 30. Rc4 Ke7 31. Qf4 Qe1 32.
Rxc5 bxc5 33. Qc7+ Ke8 34. Qc6+ Kf8 35. Qxc5+ Kg7 36.
Qc4 Rd2 37. Qg4+ Kf8 38. Qf4 Rd1 39. Qc4 Rc1 40. Qd3 Qd1 41. Qxd1 Rxd1 42. g4 Ra1 43. Kg2 Rxa3 44. Kg3 Kg7 45. Bg2 Rb3 46. Bc6 Kg6 47. Be8 Kg7 48. Kf3 Rb4 49. Kg3 Kf8 50. Bc6 Ke7 51. Kh4 Rb2 52. f3 Rb3 53. Kh5 Rxe3 54.
Kxh6 Kf8 55. h4 Re5 56. f4 Rc5 57. Bd7 Ke7 58. Bc6 Kf8 59. h5 a6 60. bxa6 Rxc6 61.
Kh7 Rxa6 62. h6 Ra4 63. Kh8 Rxf4 64. h7 Ke7 65. g5 fxg5 66. Kg7 0-1

[Event "*** Qualifier 3: Titled Tuesday 3|2 Blitz"]
[Site "Chess.com"]
[Date "2017.04.18"]
[Round "10"]
[White "ka1ser64"]
[Black "Schemato"]
[Result "1-0"]
[WhiteElo "2347"]
[BlackElo "2249"]
[TimeControl "180+2"]
[EndTime "15:18:52 PDT"]
[Termination "ka1ser64 won by checkmate"]

1. d4 e6 2. c4 f5 3. Nc3 Nf6 4. g3 c6 5. Bg2 d5 6. Bf4 Be7 7. Nf3 O-O 8. O-O Ne4 9. Qb3 Qb6 10.
Ne5 Nd7 11. Rfd1 Bf6 12. Nxd7 Bxd7 13. Na4 Qxb3 14. axb3 b6 15. f3 Ng5 16. h4 Nf7 17. e4 Rad8 18. Nc3 fxe4 19. fxe4 dxc4 20. bxc4 a5 21.
Bc7 Ra8 22. Bxb6 Rfb8 23. Na4 e5 24. d5 cxd5 25. Bc7 Rb4 26. Nb6 Ra7 27. Nxd5 Bg4 28.
Rdc1 Be6 29. Nxb4 Rxc7 30. Nd5 Bxd5 31. exd5 Rc5 32. b4 axb4 33. Rab1 Nd6 34. Rxb4 e4 35. Bf1 Bd4+ 36. Kg2 e3 37. Rc2 Ne4 38. Rb5 Rc8 39.
Bd3 Nc5 40. Bf5 Rf8 41. Be6+ Kh8 42. Re2 g6 43. Bg4 Ra8 44. d6 Rd8 45. d7 Kg7 46.
Kf3 Kf6 47. Rxe3 Bxe3 48. Kxe3 Nxd7 49. Rd5 Re8+ 50. Kd4 Ne5 51. Bd1 Re7 52. g4 Nd7 53.
c5 Nb8 54. g5+ Kf7 55. Ba4 Rc7 56. Rd6 Ke7 57. Kd5 Na6 58. Rxa6 h5 59. Rxg6 Kf7 60. Rh6 Kg7 61. Bc2 Rc8 62. Rh7+ Kg8 63. g6 Rd8+ 64.
Ke6 Re8+ 65. Kf6 Rf8+ 66. Rf7 Rc8 67. Bb3 Kh8 68. g7+ Kh7 69. g8=Q+ Kh6 70. Rh7# 1-0

[Event "*** Qualifier 3: Titled Tuesday 3|2 Blitz"]
[Site "Chess.com"]
[Date "2017.04.18"]
[Round "10"]
[White "rasmussvane"]
[Black "Vamostodorecto"]
[Result "1-0"]
[WhiteElo "2522"]
[BlackElo "2383"]
[TimeControl "180+2"]
[EndTime "15:19:03 PDT"]
[Termination "rasmussvane won on time"]

1. Nf3 d5 2. d4 Nc6 3. e3 Bg4 4.
Nbd2 e6 5. Bb5 Ne7 6. h3 Bh5 7.
c3 a6 8. Bd3 Bg6 9. e4 dxe4 10.
Nxe4 Nd5 11. Qe2 Be7 12. O-O O-O 13. Bd2 Kh8 14. Rfe1 b5 15. a4 Rb8 16. axb5 axb5 17. Ra6 Qe8 18. Bxb5 Bxe4 19. Bxc6 Nxc3 20. Qxe4 Nxe4 21.
Bxe8 Nxd2 22. Nxd2 Rfxe8 23. Nc4 c5 24. dxc5 Bxc5 25.
Rc6 Bd4 26. Re2 g6 27. Rd2 e5 28. g3 Rb3 29. Kg2 Kg7 30. Rc7 h5 31. Rc2 Re6 32.
Rc8 Re7 33. Rc6 Reb7 34. Nd6 R7b6 35. Rxb6 Rxb6 36. Nc4 Rb3 37. Re2 f6 38. Rc2 g5 39.
g4 hxg4 40. hxg4 Kg6 41. Nd6 Rxb2 42. Rxb2 Bxb2 43. Kf3 Bd4 44. Ke2 Bc5 45. Nf5 Kf7 46.
f3 Ke6 47. Kd3 Kd5 48. Ng3 Bd4 49. Nh5 Ke6 50. Ke4 Bb2 51. Ng7+ Kf7 52. Nf5 Kg6 53. Kd5 Kf7 54. Nd6+ Ke7 55. Nf5+ Kf7 56. Kd6 Ba1 57. Kd7 e4 58. fxe4 Be5 59. Ne3 Bd4 60. Nc4 Ba1 61.
Nd6+ Kg6 62. Ke6 Bb2 63. Nf5 Ba1 64. Ke7 Bb2 65. Kf8 Ba1 66. Kg8 Bb2 67. Ne7+ Kh6 68. Kf7 Ba1 69. Ng8+ Kh7 70. Nxf6+ Kh6 71. Nd7 Bb2 72.
e5 1-0